[ AOE2 MATCH · #505458576 ]
UnrankedMalay vs Persians
Player's team · WIN
Rival team · LOSS
[ REPLAY ANALYSIS · EXTRACTED FROM THE RECORDED GAME ]
Feudal
15:09
Castle
24:26
Imperial
—
| APM avg | 47.3 |
| APM peak | 112 |
| eAPM avg | 26.8 |
| Villagers / military | 72 / 44 |
Focus
⚔️ 39.0% · 🌾 61.0%
Karambit Warrior ×35 · Fishing Ship ×25 · Battering Ram ×7 · Mangonel ×2
Feudal
13:42
Castle
21:03
Imperial
—
| APM avg | 61.1 |
| APM peak | 101 |
| eAPM avg | 35.2 |
| Villagers / military | 86 / 18 |
Focus
⚔️ 25.4% · 🌾 74.6%
Mangonel ×12 · Fishing Ship ×8 · Knight ×4 · Monk ×1 · Demolition Raft ×1
Match map
Initial resources + every placement click. Lines = walls · curves = elevation contours. ◆ gold · ⬟ stone · ● berries · ✦ relic · ◌ wall gap
Your base· ✓ Closed at 24:26 · 45t walls · 1 gate(s)
danger_noodle42's base· ✓ Closed at 21:03 · 35t walls · no gate
Smoothed initial terrain · ◌ = detected wall gap · hover for details
Inputs per minute
— Mariann - - danger_noodle42
Build order — Mariann
First 150 of 257 actions detected
| 0:00 | Create | Villager (Male) |
| 0:02 | Build | House |
| 0:03 | Build | House |
| 0:16 | Create | Villager (Male) |
| 0:21 | Create | Villager (Male) |
| 0:21 | Create | Villager (Male) |
| 0:22 | Create | Villager (Male) |
| 1:17 | Build | Palisade Wall |
| 1:33 | Create | Villager (Male) |
| 1:33 | Create | Villager (Male) |
| 2:06 | Research | Loom |
| 2:07 | Research | Loom |
| 2:08 | Create | Villager (Male) |
| 2:30 | Create | Villager (Male) |
| 3:21 | Create | Villager (Male) |
| 3:21 | Create | Villager (Male) |
| 3:38 | Build | Palisade Wall |
| 3:41 | Build | Palisade Wall |
| 3:45 | Build | Palisade Wall |
| 3:47 | Build | Palisade Wall |
| 3:48 | Build | Palisade Wall |
| 4:14 | Create | Villager (Male) |
| 4:14 | Create | Villager (Male) |
| 4:40 | Create | Villager (Male) |
| 4:40 | Create | Villager (Male) |
| 5:13 | Create | Villager (Male) |
| 5:13 | Create | Villager (Male) |
| 5:35 | Build | Palisade Wall |
| 5:38 | Build | Palisade Wall |
| 5:40 | Build | Palisade Wall |
| 5:46 | Create | Villager (Male) |
| 6:05 | Build | Lumber Camp |
| 6:07 | Create | Villager (Male) |
| 6:07 | Create | Villager (Male) |
| 6:24 | Build | House |
| 6:55 | Create | Villager (Male) |
| 6:55 | Create | Villager (Male) |
| 7:06 | Create | Villager (Male) |
| 7:07 | Create | Villager (Male) |
| 7:16 | Build | House |
| 7:33 | Create | Villager (Male) |
| 8:00 | Create | Villager (Male) |
| 8:17 | Build | Lumber Camp |
| 8:35 | Build | Palisade Wall |
| 8:41 | Build | Palisade Wall |
| 8:42 | Build | Palisade Wall |
| 8:44 | Create | Villager (Male) |
| 8:51 | Build | House |
| 8:58 | Build | Palisade Wall |
| 8:59 | Build | Palisade Wall |
| 9:03 | Build | Palisade Wall |
| 9:13 | Create | Villager (Male) |
| 9:25 | Build | Palisade Wall |
| 9:26 | Build | Palisade Wall |
| 9:26 | Build | Palisade Wall |
| 9:34 | Build | Mill |
| 9:43 | Build | Palisade Gate |
| 9:47 | Build | Palisade Gate |
| 9:54 | Build | Palisade Wall |
| 9:57 | Build | Palisade Wall |
| 10:01 | Build | Palisade Wall |
| 10:06 | Build | Palisade Wall |
| 10:10 | Build | Palisade Wall |
| 10:12 | Build | Palisade Wall |
| 10:16 | Create | Villager (Male) |
| 10:37 | Create | Villager (Male) |
| 10:51 | Create | Villager (Male) |
| 10:52 | Create | Villager (Male) |
| 11:00 | Build | Dock |
| 11:14 | Build | House |
| 11:19 | Build | Palisade Wall |
| 11:20 | Build | Palisade Wall |
| 11:30 | Build | Palisade Wall |
| 11:31 | Build | Palisade Wall |
| 11:34 | Create | Fishing Ship |
| 11:35 | Create | Villager (Male) |
| 11:42 | Create | Fishing Ship |
| 11:46 | Build | Palisade Wall |
| 12:21 | Create | Villager (Male) |
| 12:38 | Build | House |
| 12:40 | Build | Palisade Wall |
| 12:48 | Create | Villager (Male) |
| 12:57 | Create | Fishing Ship |
| 12:58 | Create | Villager (Male) |
| 13:00 | Build | House |
| 13:20 | Create | Fishing Ship |
| 13:51 | Research | Feudal Age |
| 13:51 | Research | Feudal Age |
| 13:58 | Build | Palisade Wall |
| 14:14 | Build | Palisade Wall |
| 14:20 | Create | Fishing Ship |
| 14:22 | Create | Fishing Ship |
| 14:39 | Create | Villager (Male) |
| 14:43 | Build | Mining Camp |
| 15:09 | Age | Feudal Age |
| 15:20 | Build | Watch Tower |
| 15:26 | Research | Double-Bit Axe |
| 15:27 | Create | Villager (Male) |
| 15:40 | Create | Villager (Male) |
| 15:47 | Build | Lumber Camp |
| 16:00 | Build | Watch Tower |
| 16:02 | Create | Villager (Male) |
| 16:20 | Create | Villager (Male) |
| 16:24 | Build | House |
| 16:26 | Create | Fishing Ship |
| 16:34 | Build | Fish Trap |
| 16:39 | Create | Villager (Male) |
| 16:49 | Create | Fishing Ship |
| 16:59 | Create | Villager (Male) |
| 17:05 | Build | Blacksmith |
| 17:12 | Create | Villager (Male) |
| 17:30 | Research | Fletching |
| 17:30 | Research | Fletching |
| 17:31 | Create | Villager (Male) |
| 17:32 | Create | Fishing Ship |
| 17:43 | Build | House |
| 17:49 | Create | Villager (Male) |
| 17:51 | Create | Fishing Ship |
| 18:03 | Create | Villager (Male) |
| 18:23 | Create | Fishing Ship |
| 18:23 | Create | Villager (Male) |
| 18:28 | Build | Fish Trap |
| 18:31 | Build | Fish Trap |
| 18:34 | Build | Fish Trap |
| 18:37 | Build | Fish Trap |
| 18:43 | Create | Villager (Male) |
| 19:03 | Build | House |
| 19:10 | Build | Fish Trap |
| 19:12 | Build | Fish Trap |
| 19:17 | Build | Fish Trap |
| 19:29 | Build | Fish Trap |
| 19:30 | Create | Fishing Ship |
| 20:02 | Build | Mining Camp |
| 20:04 | Build | Market |
| 20:30 | Build | Blacksmith |
| 20:30 | Create | Villager (Male) |
| 21:07 | Build | Watch Tower |
| 21:15 | Build | Stone Wall |
| 21:17 | Build | Stone Wall |
| 21:23 | Create | Villager (Male) |
| 21:46 | Build | Watch Tower |
| 21:46 | Create | Villager (Male) |
| 21:58 | Build | Fish Trap |
| 22:00 | Build | Fish Trap |
| 22:10 | Create | Villager (Male) |
| 22:14 | Build | Barracks |
| 22:50 | Research | Castle Age |
| 23:14 | Create | Fishing Ship |
| 23:14 | Create | Fishing Ship |
| 24:01 | Create | Fishing Ship |
Build order — danger_noodle42
First 150 of 226 actions detected
| 0:00 | Create | Villager (Male) |
| 0:01 | Create | Villager (Male) |
| 0:01 | Create | Villager (Male) |
| 0:02 | Build | House |
| 0:03 | Build | House |
| 0:10 | Create | Villager (Male) |
| 0:10 | Create | Villager (Male) |
| 0:10 | Create | Villager (Male) |
| 0:24 | Research | Loom |
| 0:29 | Create | Villager (Male) |
| 0:29 | Create | Villager (Male) |
| 0:47 | Create | Villager (Male) |
| 1:50 | Create | Villager (Male) |
| 1:50 | Create | Villager (Male) |
| 2:16 | Create | Villager (Male) |
| 2:33 | Build | Palisade Wall |
| 2:36 | Build | Palisade Wall |
| 2:37 | Build | Palisade Wall |
| 2:39 | Build | Palisade Wall |
| 2:46 | Build | Palisade Wall |
| 2:48 | Create | Villager (Male) |
| 3:21 | Create | Villager (Male) |
| 3:21 | Create | Villager (Male) |
| 3:36 | Create | Villager (Male) |
| 4:04 | Build | House |
| 4:12 | Create | Villager (Male) |
| 5:35 | Create | Villager (Male) |
| 5:35 | Create | Villager (Male) |
| 5:46 | Build | Palisade Wall |
| 5:48 | Build | Palisade Wall |
| 5:50 | Build | Palisade Wall |
| 5:51 | Build | Palisade Wall |
| 5:52 | Build | Palisade Wall |
| 5:54 | Build | Palisade Wall |
| 5:55 | Create | Villager (Male) |
| 5:59 | Create | Villager (Male) |
| 6:19 | Build | Palisade Wall |
| 6:21 | Build | Palisade Wall |
| 6:26 | Build | Lumber Camp |
| 6:28 | Build | Palisade Wall |
| 6:35 | Build | Palisade Wall |
| 6:36 | Build | Palisade Wall |
| 6:51 | Create | Villager (Male) |
| 7:02 | Build | House |
| 7:13 | Create | Villager (Male) |
| 7:37 | Create | Villager (Male) |
| 8:07 | Create | Villager (Male) |
| 8:15 | Build | Dock |
| 8:31 | Create | Villager (Male) |
| 8:49 | Build | Palisade Wall |
| 8:51 | Build | Palisade Wall |
| 8:53 | Create | Villager (Male) |
| 8:54 | Create | Villager (Male) |
| 9:04 | Create | Fishing Ship |
| 9:28 | Create | Villager (Male) |
| 9:34 | Build | Palisade Wall |
| 9:36 | Build | Palisade Wall |
| 9:45 | Create | Villager (Male) |
| 9:47 | Build | Mill |
| 10:07 | Build | Palisade Wall |
| 10:11 | Build | House |
| 10:14 | Build | Palisade Wall |
| 10:24 | Build | Palisade Wall |
| 10:31 | Build | Palisade Wall |
| 10:32 | Create | Villager (Male) |
| 10:41 | Build | Palisade Wall |
| 10:45 | Build | Palisade Wall |
| 10:54 | Create | Villager (Male) |
| 11:00 | Create | Fishing Ship |
| 11:38 | Research | Feudal Age |
| 11:38 | Research | Feudal Age |
| 11:38 | Research | Feudal Age |
| 12:12 | Build | Lumber Camp |
| 12:51 | Create | Villager (Male) |
| 13:15 | Create | Villager (Male) |
| 13:37 | Create | Villager (Male) |
| 13:42 | Age | Feudal Age |
| 13:44 | Build | Watch Tower |
| 13:45 | Research | Double-Bit Axe |
| 13:45 | Research | Double-Bit Axe |
| 13:59 | Create | Villager (Male) |
| 14:09 | Build | House |
| 14:24 | Create | Fishing Ship |
| 14:44 | Build | Mining Camp |
| 15:02 | Create | Villager (Male) |
| 15:20 | Create | Villager (Male) |
| 15:47 | Create | Villager (Male) |
| 15:51 | Build | Farm |
| 15:56 | Build | Market |
| 16:09 | Create | Villager (Male) |
| 16:12 | Build | Blacksmith |
| 16:25 | Create | Villager (Male) |
| 16:34 | Build | House |
| 16:37 | Research | Fletching |
| 16:42 | Build | House |
| 16:50 | Build | Mining Camp |
| 16:57 | Create | Villager (Male) |
| 17:04 | Create | Villager (Male) |
| 17:17 | Build | Farm |
| 17:37 | Create | Fishing Ship |
| 17:45 | Build | Market |
| 18:06 | Create | Villager (Male) |
| 18:15 | Build | Farm |
| 18:20 | Build | Fish Trap |
| 18:38 | Research | Castle Age |
| 18:38 | Research | Castle Age |
| 18:38 | Research | Castle Age |
| 18:44 | Build | Farm |
| 18:48 | Build | Farm |
| 19:07 | Build | House |
| 19:26 | Build | Fish Trap |
| 19:31 | Build | Fish Trap |
| 20:03 | Create | Villager (Male) |
| 20:07 | Create | Fishing Ship |
| 20:10 | Research | Tech 906 |
| 20:50 | Build | Stone Wall |
| 21:00 | Create | Villager (Male) |
| 21:03 | Age | Castle Age |
| 21:05 | Build | Lumber Camp |
| 21:11 | Build | Siege Workshop |
| 21:11 | Create | Villager (Male) |
| 21:21 | Research | Bow Saw |
| 21:30 | Create | Villager (Male) |
| 21:35 | Create | Mangonel |
| 21:42 | Create | Villager (Male) |
| 21:55 | Build | Fish Trap |
| 22:05 | Create | Villager (Male) |
| 22:10 | Create | Villager (Male) |
| 22:34 | Create | Mangonel |
| 22:36 | Build | House |
| 22:45 | Create | Villager (Male) |
| 23:11 | Create | Villager (Male) |
| 23:19 | Build | Town Center |
| 23:42 | Create | Villager (Male) |
| 24:00 | Create | Villager (Male) |
| 24:22 | Build | Lumber Camp |
| 24:22 | Create | Mangonel |
| 24:23 | Create | Villager (Male) |
| 24:25 | Build | Fish Trap |
| 24:41 | Build | Farm |
| 24:44 | Create | Mangonel |
| 24:44 | Create | Mangonel |
| 24:46 | Create | Villager (Male) |
| 24:48 | Create | Villager (Male) |
| 24:59 | Build | Town Center |
| 25:07 | Create | Mangonel |
| 25:07 | Create | Mangonel |
| 25:10 | Create | Villager (Male) |
| 25:23 | Create | Villager (Male) |
| 25:32 | Create | Fishing Ship |
Match timeline
| 1:17 | Mariann · wall_segment Palisade Wall x1 |
| 2:33 | danger_noodle42 · wall_segment Palisade Wall x1 |
| 2:36 | danger_noodle42 · wall_segment Palisade Wall x1 |
| 2:37 | danger_noodle42 · wall_segment Palisade Wall x1 |
| 2:39 | danger_noodle42 · wall_segment Palisade Wall x1 |
| 2:46 | danger_noodle42 · wall_segment Palisade Wall x6 |
| 3:38 | Mariann · wall_segment Palisade Wall x4 |
| 3:41 | Mariann · wall_segment Palisade Wall x1 |
| 3:45 | Mariann · wall_segment Palisade Wall x1 |
| 3:47 | Mariann · wall_segment Palisade Wall x1 |
| 3:48 | Mariann · wall_segment Palisade Wall x1 |
| 5:35 | Mariann · wall_segment Palisade Wall x2 |
| 5:38 | Mariann · wall_segment Palisade Wall x1 |
| 5:40 | Mariann · wall_segment Palisade Wall x1 |
| 5:46 | danger_noodle42 · wall_segment Palisade Wall x4 |
| 5:48 | danger_noodle42 · wall_segment Palisade Wall x1 |
| 5:50 | danger_noodle42 · wall_segment Palisade Wall x1 |
| 5:51 | danger_noodle42 · wall_segment Palisade Wall x1 |
| 5:52 | danger_noodle42 · wall_segment Palisade Wall x1 |
| 5:54 | danger_noodle42 · wall_segment Palisade Wall x1 |
| 6:19 | danger_noodle42 · wall_segment Palisade Wall x1 |
| 6:21 | danger_noodle42 · wall_segment Palisade Wall x1 |
| 6:28 | danger_noodle42 · wall_segment Palisade Wall x1 |
| 6:35 | danger_noodle42 · wall_segment Palisade Wall x1 |
| 6:36 | danger_noodle42 · wall_segment Palisade Wall x1 |
| 8:15 | danger_noodle42 · first_building Dock |
| 8:35 | Mariann · wall_segment Palisade Wall x1 |
| 8:41 | Mariann · wall_segment Palisade Wall x1 |
| 8:42 | Mariann · wall_segment Palisade Wall x1 |
| 8:49 | danger_noodle42 · wall_segment Palisade Wall x1 |
| 8:51 | danger_noodle42 · wall_segment Palisade Wall x1 |
| 8:58 | Mariann · wall_segment Palisade Wall x1 |
| 8:59 | Mariann · wall_segment Palisade Wall x1 |
| 9:03 | Mariann · wall_segment Palisade Wall x1 |
| 9:25 | Mariann · wall_segment Palisade Wall x1 |
| 9:26 | Mariann · wall_segment Palisade Wall x1 |
| 9:26 | Mariann · wall_segment Palisade Wall x1 |
| 9:34 | danger_noodle42 · wall_segment Palisade Wall x2 |
| 9:36 | danger_noodle42 · wall_segment Palisade Wall x1 |
| 9:54 | Mariann · wall_segment Palisade Wall x2 |
| 9:57 | Mariann · wall_segment Palisade Wall x2 |
| 10:01 | Mariann · wall_segment Palisade Wall x1 |
| 10:06 | Mariann · wall_segment Palisade Wall x2 |
| 10:07 | danger_noodle42 · wall_segment Palisade Wall x1 |
| 10:10 | Mariann · wall_segment Palisade Wall x2 |
| 10:12 | Mariann · wall_segment Palisade Wall x1 |
| 10:14 | danger_noodle42 · wall_segment Palisade Wall x1 |
| 10:24 | danger_noodle42 · wall_segment Palisade Wall x1 |
| 10:31 | danger_noodle42 · wall_segment Palisade Wall x1 |
| 10:41 | danger_noodle42 · wall_segment Palisade Wall x1 |
| 10:45 | danger_noodle42 · wall_segment Palisade Wall x1 |
| 11:00 | Mariann · first_building Dock |
| 11:19 | Mariann · wall_segment Palisade Wall x1 |
| 11:20 | Mariann · wall_segment Palisade Wall x1 |
| 11:30 | Mariann · wall_segment Palisade Wall x1 |
| 11:31 | Mariann · wall_segment Palisade Wall x1 |
| 11:46 | Mariann · wall_segment Palisade Wall x1 |
| 12:40 | Mariann · wall_segment Palisade Wall x1 |
| 13:42 | danger_noodle42 · age_up feudal |
| 13:58 | Mariann · wall_segment Palisade Wall x4 |
| 14:14 | Mariann · wall_segment Palisade Wall x4 |
| 15:09 | Mariann · age_up feudal |
| 20:50 | danger_noodle42 · wall_segment Stone Wall x2 |
| 21:03 | danger_noodle42 · age_up castle |
| 21:11 | danger_noodle42 · first_building Siege Workshop |
| 21:15 | Mariann · wall_segment Stone Wall x1 |
| 21:17 | Mariann · wall_segment Stone Wall x1 |
| 21:29 | danger_noodle42 · first_market_buy 100 wood |
| 21:52 | Mariann · first_market_buy 100 food |
| 21:54 | Mariann · first_market_sell 100 wood |
| 22:14 | Mariann · first_building Barracks |
| 22:47 | danger_noodle42 · first_market_sell 100 food |
| 24:26 | Mariann · age_up castle |
| 24:57 | Mariann · first_building Siege Workshop |
| 26:43 | Mariann · first_building Castle |
| 28:28 | danger_noodle42 · first_building Barracks |
| 29:15 | danger_noodle42 · first_building Stable |
| 30:26 | danger_noodle42 · first_building Monastery |
| 32:02 | danger_noodle42 · resign |
[ AI ANALYSIS · 1 CREDIT ]
What really happened in this match?
Wolo.gg analyzes every decision: build order, eco, micro, common mistakes by bracket. Personalized analysis on WhatsApp or Discord in 30 seconds.
Civ guide
Malay
Perfil
Jugador #4502670